 Dungeon Crawl Stone Soup version 0.32-a0-996-gb3226c233f (webtiles) character file.

Game seed: 627847454061126847

2643 Ijustatesigmund the Firebug (level 9, -3/69 (74) HPs)
             Began as a Mountain Dwarf Fire Elementalist on Apr 23, 2024.
             Was a Believer of Vehumet.
             Slain by a wight
             ... wielding a +0 trident
              (4 damage)
             ... on level 8 of the Dungeon.
             The game lasted 00:22:14 (12277 turns).

Ijustatesigmund the Firebug (MDFE)                 Turns: 12277, Time: 00:22:16

HP:   -3/69 (74)    AC:  8    Str: 11    XL:     9   Next: 35%
MP:   16/16         EV: 10    Int: 20    God:    Vehumet [**....]
Gold: 409           SH:  0    Dex: 10    Spells: 4/18 levels left

rFire   . . .        q - +2 war axe
rCold   + . .        (no shield)
rNeg    . . .        a - +2 robe {Will+}
rPois   .            n - +2 hat
rElec   .            j - +1 cloak
rCorr   .            (no gloves)
SInv    .            (no boots)
Will    ++...        (no amulet)
Stlth   ++           k - ring of willpower
HPRegen 0.31/turn    (no ring)
MPRegen 0.15/turn

%: no passive effects
@: lethally poisoned (-3 -> -5), on berserk cooldown, drained
A: runic magic, artefact enchanting, cold resistance 1
a: Renounce Religion


You were on level 8 of the Dungeon.
You worshipped Vehumet.
Vehumet was pleased with you.
You visited 2 branches of the dungeon, and saw 9 of its levels.

You collected 453 gold pieces.
You spent 44 gold pieces at shops.

Inventory:

Hand Weapons
 q - a +2 war axe (weapon)
Armour
 a - a +2 robe of willpower (worn)
 j - a +1 cloak (worn)
 n - a +2 hat (worn)
Jewellery
 k - a ring of willpower (left hand)
Scrolls
 d - a scroll of enchant weapon
 g - a scroll of poison
 i - 5 scrolls of enchant armour
 p - a scroll of immolation
Potions
 b - a potion of magic
 l - a potion of mutation
 o - 5 potions of brilliance
 u - 2 potions of cancellation


   Skills:
 + Level 5.4 Fighting
 + Level 5.1 Axes
 - Level 2.8 Armour
 - Level 1.3 Dodging
 - Level 1.4 Stealth
 + Level 5.2 Spellcasting
 + Level 5.0 Conjurations
 + Level 5.9 Fire Magic
 + Level 5.6 Earth Magic


You had 4 spell levels left.
You knew the following spells:

 Your Spells              Type           Power      Damage    Failure   Level
a - Foxfire               Conj/Fire      100%       2x1d9     1%          1
b - Scorch                Fire           56%        2d7       1%          2
c - Stone Arrow           Conj/Erth      52%        3d10      3%          3
d - Fireball              Conj/Fire      13%        3d7       32%         5
e - Passwall              Erth           27%        N/A       3%          3

Your spell library contained the following spells:

 Spells                   Type           Power      Damage    Failure   Level
 Mercury Vapours          Alch/Air       10%        N/A       17%         2
 Sandblast                Erth           54%        2d13      1%          1
 Momentum Strike          Conj/Tloc      30%        3d8       6%          2
 Inner Flame              Hex/Fire       17%        N/A       10%         3
 Volatile Blastmotes      Fire/Tloc      34%        2d12      10%         3
 Freeze                   Ice            20%        1d4       12%         1
 Hailstorm                Conj/Ice       15%        3d6       12%         3
 Flame Wave               Conj/Fire      27%        2d9       12%         4
 Blink                    Tloc           10%        N/A       17%         2
 Lesser Beckoning         Tloc           10%        N/A       17%         2
 Sticky Flame             Fire/Alch      17%        2d5       32%         4
 Frozen Ramparts          Ice            10%        1d2       34%         3
 Animate Armour           Summ/Erth      32%        N/A       34%         4
 Permafrost Eruption      Ice/Erth       8%         2x4d3     99%         6


Dungeon Overview and Level Annotations

Branches:
Dungeon (8/15)             Temple (1/1) D:4
   Lair: D:8-11

Altars:
Cheibriados
Dithmenos
Elyvilon
Hepliaklqana
Nemelex Xobeh
Okawaru
Qazlal
Sif Muna
Trog
Vehumet
Wu Jian
Xom

Shops:
D:4 ((*   D:7 :

Annotations:
D:7 Joseph


Innate Abilities, Weirdness & Mutations

Your spellcasting is much less encumbered by armour.
You can use scrolls of enchantment on lesser artefacts.
Your flesh is cold resistant. (rC+)


Message History

You are more poisoned.
The orc warrior barely misses you.
You feel very sick. The orc attacks as it pursues you!
The orc barely misses you.
Found an escape hatch in the ceiling.
You feel very sick.
You feel sick.
Your surroundings suddenly seem different. 5 wights come into view.
You feel sick.
Unknown command.
It was a potion of berserk rage.
A red film seems to cover your vision as you go berserk!
You feel yourself moving faster!
You feel mighty!
You feel sick. The wight hits you with a +0 trident.
* * * LOW HITPOINT WARNING * * *
You feel drained.
* * * LOW HITPOINT WARNING * * *
You feel a strong urge to attack something.
The wight hits you from afar with a +0 trident.
* * * LOW HITPOINT WARNING * * *
You feel drained.
You feel sick. The wight attacks as it pursues you!
The wight hits you from afar with a +0 trident.
* * * LOW HITPOINT WARNING * * *
You feel drained.
* * * LOW HITPOINT WARNING * * *
You feel your anger nearly subside.
You are no longer berserk.
You are exhausted.
You feel yourself slow down.
* * * LOW HITPOINT WARNING * * *
You feel sick.
Unknown command.
Your magical effects are unravelling.
You feel magically purged.
You feel yourself speed up.
* * * LOW HITPOINT WARNING * * *
You feel sick.
The wight hits you from afar with a +0 trident.
You die...

#.##)####.#.#.........~#......#
#.##....#.#.#.........##......#
#.#####.#.#.#..........#.......
### #.....#.#..........#.......
###.#.#.#..........#.......
#...#)#..........'.......
###.#.#..........#.......
#####.#.#..........#.......
#.[...#'#.@.....>..#......#
#............#######......#
#.......zz...# #......#
####....zz...# #......#
#.........# #......#
#..z......# .. #.........# #...
##.........###### ##...##
.........#.#.#.#.#.#.#.#.#


You could see 5 wights.

Vanquished Creatures
  A wyvern (D:8)
  A steam dragon (D:7)
  An orc warrior (D:6)
  3 ice beasts
  A sky beast (D:7)
  3 centaurs
  A kobold brigand (D:8)
  A phantom (D:6)
  4 scorpions
  4 bullfrogs
  A killer bee (D:7)
  2 howler monkeys
  A bombardier beetle (D:7)
  2 hounds (D:5)
  2 orc priests
  2 jellies
  5 sleepcaps
  5 iguanas
  8 orc wizards
  A mummy (D:5)
  6 adders
  2 shadow imps
  4 dart slugs
  A ribbon worm (D:2)
  21 orcs
  7 ball pythons
  7 endoplasms
  2 giant cockroaches
  9 goblins
  6 hobgoblins
  4 jackals (D:2)
  14 kobolds
  9 quokkas
  11 bats
  12 frilled lizards
  A hobgoblin zombie (D:5)
  3 kobold zombies (D:5)
  6 rats
174 creatures vanquished.

Vanquished Creatures (collateral kills)
  An orc priest (D:3)
  4 foxfires (D:3)
5 creatures vanquished.

Vanquished Creatures (others)
  An orc (D:3)
  A butterfly (D:3)
  285 foxfires
287 creatures vanquished.

Grand Total: 466 creatures vanquished

Notes
Turn   | Place    | Note
-------+----------+-------------------------------------------
     0 | D:1      | Ijustatesigmund the Mountain Dwarf Fire Elementalist began
                  | the quest for the Orb.
     0 | D:1      | Reached XP level 1. HP: 14/14 MP: 3/3
    12 | D:1      | Found a faded altar of an unknown god.
   328 | D:1      | Reached XP level 2. HP: 22/22 MP: 0/5
   382 | D:1      | Learned a level 2 spell: Scorch
   412 | D:1      | Reached skill level 1 in Fighting
  1075 | D:1      | Reached XP level 3. HP: 28/28 MP: 2/6
  1697 | D:2      | Learned a level 3 spell: Stone Arrow
  2039 | D:2      | Reached skill level 1 in Conjurations
  2210 | D:2      | Reached XP level 4. HP: 36/36 MP: 7/7
  2585 | D:2      | Found a white marble altar of Elyvilon.
  3178 | D:3      | Found a white marble altar of Elyvilon.
  3216 | D:3      | Reached skill level 1 in Earth Magic
  3582 | D:3      | Reached skill level 1 in Axes
  3582 | D:3      | Reached XP level 5. HP: 25/42 MP: 6/9
  3993 | D:4      | Found an iron altar of Okawaru.
  4334 | D:4      | Found Xiakoj's Weapon Shop.
  4336 | D:4      | Found Beulyfics's Antique Weapon Boutique.
  4338 | D:4      | Found Urchecauth's General Store.
  4374 | D:4      | Bought a scroll of fear for 44 gold pieces
  4441 | D:4      | Reached XP level 6. HP: 30/51 MP: 1/10
  4745 | D:4      | Found a stormy altar of Qazlal.
  4850 | D:4      | You fall into a shaft and drop 1 floor!
  4850 | D:5      | Entered Level 5 of the Dungeon
  5211 | D:4      | Found a staircase to the Ecumenical Temple.
  5220 | Temple   | Entered the Ecumenical Temple
  5229 | Temple   | Became a worshipper of Vehumet
  6030 | D:5      | Reached XP level 7. HP: 53/58 MP: 6/12
  6938 | D:5      | Reached skill level 1 in Armour
  8344 | D:6      | Gained mutation: Your flesh is cold resistant. (rC+)
                  | [potion of mutation]
  8609 | D:6      | Reached XP level 8. HP: 56/66 MP: 12/14
  8671 | D:6      | Found a hazy altar of Hepliaklqana.
 10207 | D:7      | Noticed Joseph
 10781 | D:7      | Found Bothru's Book Shop.
 11141 | D:7      | Reached skill level 5 in Fire Magic
 11203 | D:7      | Reached skill level 5 in Earth Magic
 11367 | D:8      | Reached * piety under Vehumet
 11367 | D:8      | Offered knowledge of Sting by Vehumet.
 11368 | D:8      | Reached XP level 9. HP: 73/73 MP: 10/16
 11389 | D:8      | Reached skill level 5 in Fighting
 11510 | D:8      | Reached skill level 5 in Spellcasting
 11572 | D:8      | Got the Papyrus of Tectonic Causimancy
 11579 | D:8      | Learned a level 5 spell: Fireball
 11688 | D:8      | Learned a level 3 spell: Passwall
 12012 | D:8      | Reached skill level 5 in Axes
 12157 | D:8      | Reached skill level 5 in Conjurations
 12206 | D:8      | Found a shimmering blue altar of Sif Muna.
 12259 | D:8      | Reached ** piety under Vehumet
 12259 | D:8      | Offered knowledge of Mercury Vapours by Vehumet.
 12275 | D:8      | HP: 4/106 [wight/+0 trident (2)]
 12276 | D:8      | HP: 1/69 [poisoned by an orc]
 12277 | D:8      | Slain by a wight

Illustrated notes

Levels and vault maps discovered:
D:1:      reono_arrival_mine, layout_loops_ring, basic_ecumenical_altar,
          minmay_lizard_pond
D:2:      minmay_chambers_of_ones, layout_loops_ring, basic_altar,
          minmay_tetromino_l2
D:3:      layout_loops_ring, nicolae_elyvilon_peaceful_grove, serial_glass,
          glass_columns_a, glass_columns_b, kennysheep_generic_room_10
D:4:      layout_cave_pods, okawaru_gym_becter, grunt_qazlal_sundering,
          minmay_temple_entry_junction, nicolae_wooded_promenade,
          minmay_misc_feat_doors
D:5:      layout_gridville, minmay_mini_ossuary
D:6:      layout_cave_pools, mainiacjoe_overflow_alcove_4
D:7:      layout_basic, serial_shops, shop, nzn_random_ring, uniq_joseph
D:8:      layout_basic, old_standard_altar, minitemple, enter_bailey_3,
          serial_rivers, chequers_serial_rivers_large_b,
          chequers_serial_rivers_small_b, chequers_serial_rivers_small_3,
          chequers_serial_rivers_large_a, chequers_serial_rivers_micro_b,
          chequers_serial_rivers_micro_c, st_stairs_13
Temple:   nicolae_temple_little_seven

Skill      XL: |  1  2  3  4  5  6  7  8  9 |
---------------+----------------------------+-----
Spellcasting   | 2 3 4 5 |  5.2
Fighting       | 1 2 3 4 5 |  5.4
Fire Magic     | 4 5 |  5.9
Conjurations   | 1 2 3 4 5 |  5.0
Earth Magic    | 1 2 4 5 |  5.6
Axes           | 1 2 3 4 5 |  5.1
Armour         | 2 |  2.8
Dodging        | |  1.3
Stealth        | |  1.4

Action                     |  1- 3 |  4- 6 |  7- 9 || total
---------------------------+-------+-------+-------++-------
  Melee: Unarmed           |    15 |       |       ||    15
         Spear             |    23 |    31 |       ||    54
         Hand axe          |       |    43 |    31 ||    74
         War axe           |       |       |   140 ||   140
   Cast: Foxfire           |    56 |    65 |    49 ||   170
         Scorch            |    10 |    19 |    70 ||    99
         Stone Arrow       |       |       |    18 ||    18
         Passwall          |       |       |     1 ||     1
  Evoke: Wand              |       |     4 |       ||     4
    Use: Scroll            |       |     3 |    17 ||    20
         Potion            |       |     1 |    10 ||    11
   Stab: Sleeping          |     4 |       |     1 ||     5
 Armour: Robe              |    25 |   116 |   266 ||   407
         Skin              |       |       |    36 ||    36
  Dodge: Dodged            |    22 |    75 |   182 ||   279

Table legend: (Time is in decaauts)
 A = Elapsed time spent in this place.
 B = Non-inter-level travel time spent in this place.
 C = Inter-level travel time spent in this place.
 D = Time resting spent in this place.
 E = Time spent auto-exploring this place.
 F = Levels seen in this place.
 G = Mean time per level.
                   A        B        C        D        E       F      G
               +--------+--------+--------+--------+--------+-----+--------+
         Total |  12367 |  12253 |    114 |   4977 |   5612 |   9 | 1374.1 |
       Dungeon |  12349 |  12236 |    113 |   4977 |   5612 |   8 | 1543.6 |
        Temple |     17 |     17 |      0 |      0 |      0 |   1 |   17.0 |
               +--------+--------+--------+--------+--------+-----+--------+

Top non-repeatable levels by time:
     D:5: 2441 daAuts
     D:6: 1926 daAuts
     D:4: 1593 daAuts
     D:2: 1519 daAuts
     D:7: 1414 daAuts
     D:1: 1380 daAuts
     D:3: 1101 daAuts
     D:8: 971 daAuts
  Temple: 17 daAuts
